 Dungeon Crawl Stone Soup version 0.29.0-4-gdea44cf6ec (webtiles) character file.

Game seed: 2356815467950510762

629 qw the Cleaver (level 7, -3/90 HPs)
             Began as a Minotaur Berserker on Sept 6, 2022.
             Was a Believer of Trog.
             Slain by a gnoll sergeant
             ... wielding a +1 trident of distortion
              (6 damage)
             ... on level 5 of the Dungeon.
             The game lasted 00:01:20 (4746 turns).

qw the Cleaver (Minotaur Berserker)                 Turns: 4746, Time: 00:01:20

Health: -3/90      AC:  9    Str: 29    XL:     7   Next: 23%
Magic:  6/6        EV:  8    Int:  8    God:    Trog [**....]
Gold:   123        SH:  4    Dex:  8    Spells: 6/6 levels left

rFire   . . .      SeeInvis .   n - +0 war axe
rCold   . . .      Faith    .   f - +0 buckler
rNeg    . . .      Spirit   .   m - +0 chain mail
rPois   .          Reflect  .   (helmet restricted)
rElec   .          Harm     .   (no cloak)
rCorr   .          Rampage  .   b - +0 pair of gloves
Will    .....      Clarity  +   (no boots)
Stlth   ..........              (no amulet)
HPRegen 0.25/turn               h - +6 ring of strength
MPRegen 0.10/turn               (no ring)

@: berserking, very quick
A: horns 2, retaliatory headbutt, clarity, clever 1
a: Renounce Religion, Berserk, Trog's Hand


You were on level 5 of the Dungeon.
You worshipped Trog.
Trog was pleased with you.
You visited 1 branch of the dungeon, and saw 5 of its levels.

You collected 187 gold pieces.
You spent 64 gold pieces at shops.


Innate Abilities, Weirdness & Mutations

You have a pair of horns on your head.
You reflexively headbutt those who attack you in melee.
You possess an exceptional clarity of mind.
Your mind is acute. (Int +4, Str/Dex -1)


   Skills:
 - Level 4.8 Fighting
 - Level 9.1 Axes
 - Level 2.4 Armour
 - Level 2.1 Dodging
 + Level 2.6 Shields


You had 6 spell levels left.
You didn't know any spells.
Your spell library was empty.

Inventory:

Hand Weapons
 n - a +0 war axe (weapon)
 Y - a +0 hand axe of flaming
Missiles
 c - 3 boomerangs (quivered)
Armour
 b - a +0 pair of gloves (worn)
 f - a +0 buckler (worn)
 m - a +0 chain mail (worn)
Jewellery
 h - a +6 ring of strength (left hand)
Scrolls
 a - 2 scrolls of identify
 g - 3 scrolls of teleportation
 j - a scroll of brand weapon {unknown}
 k - a scroll of blinking {unknown}
Potions
 d - a potion of haste
 e - a potion of lignification {unknown}
 i - 6 potions of curing
 l - a potion of magic {unknown}
 p - a potion of degeneration {unknown}
 q - a potion of mutation

Dungeon Overview and Level Annotations

Branches:
Dungeon (5/15)             Temple (0/1) D:4

Altars:

Shops:
D:5 (*


Message History

You barely miss the gnoll.
You headbutt the gnoll, but do no damage.
The gnoll sergeant hits you from afar with a +1 trident of distortion!
Space warps around you.
The gnoll hits you from afar with a +0 halberd!
The gnoll hits you with a +0 whip!
You hit the gnoll.
The gnoll is heavily wounded.
The gnoll sergeant hits you from afar with a +1 trident of distortion.
You blink.
The gnoll hits you from afar with a +0 halberd. x2
4741 ||| INVOKING Berserk.
A red film seems to cover your vision as you go berserk!
You feel yourself moving faster!
You feel mighty!
The gnoll sergeant hits you from afar with a +1 trident of distortion!
Space warps around you.
The gnoll hits you from afar with a +0 halberd.
The gnoll closely misses you.
You feel a strong urge to attack something.
You barely miss the gnoll sergeant. You headbutt the gnoll sergeant!
The gnoll sergeant is heavily wounded.
You hit the gnoll.
The gnoll sergeant hits you with a +1 trident of distortion!
The gnoll barely misses you. The gnoll hits you but does no damage.
You barely miss the gnoll sergeant.
Your headbutt misses the gnoll sergeant.
The gnoll sergeant is heavily wounded.
You hit the gnoll. You block the gnoll sergeant's attack.
The gnoll hits you with a +0 halberd. The gnoll hits you but does no damage.
You barely miss the gnoll. You headbutt the gnoll.
You kill the gnoll!
Trog accepts your kill.
You hit the gnoll sergeant. You barely miss the gnoll sergeant.
Your headbutt misses the gnoll sergeant.
The gnoll sergeant is severely wounded.
The gnoll sergeant hits you with a +1 trident of distortion.
Space warps around you.
You die...

###...........###.........#####
#...........# ##........# ##.
#...........###........####..
#......#....#)............#..
##.#...~~~~.~~~~........)...#
####.#~##~(~##~.......##...#
###~###g###~.......###...
#~~#gg)#~~.......###...
#~~#..@#~~.)......#....
#~~#.$.#~~...)......### #~
######~#...#......##
#~~~##~...###.....# ~~~~~~~...#
###.### ######..## ### #.## ###


You could see a gnoll sergeant and 2 gnolls.

Vanquished Creatures
  Sigmund (D:5)
  2 scorpions (D:4)
  5 hounds
  An iguana (D:5)
  Jessica (D:2)
  5 adders
  A gnoll (D:5)
  A white imp (D:5)
  An ufetubus (D:4)
  5 worms
  An orc (D:3)
  9 ball pythons
  4 bats
  8 endoplasms
  2 giant cockroaches (D:4)
  10 goblins
  5 hobgoblins
  9 kobolds
  3 quokkas
  4 frilled lizards
  7 rats
85 creatures vanquished.

Notes
Turn   | Place    | Note
-------+----------+-------------------------------------------
     0 | D:1      | qw the Minotaur Berserker began the quest for the Orb.
     0 | D:1      | Reached XP level 1. HP: 19/19 MP: 0/0
     0 | D:1      | 0 ||| qw: Version: 0.1-a-108-g9e35731
     0 | D:1      | 0 ||| qw: Game counter: 6399
     0 | D:1      | 0 ||| qw: Always use a shield: true
     0 | D:1      | 0 ||| qw: Do Orc after D:15 true
     0 | D:1      | 0 ||| qw: Do second Lair branch before Depths: true
     0 | D:1      | 0 ||| qw: Lair rune preference: random
     0 | D:1      | 0 ||| qw: Plans: Normal
     0 | D:1      | 0 ||| PLANNING D:1-11
    58 | D:1      | 58 ||| Stepping ~*~*~tactically~*~*~ (stealth).
    62 | D:1      | Reached skill level 4 in Axes
   180 | D:1      | Reached XP level 2. HP: 26/26 MP: 1/1
   254 | D:1      | Found a faded altar of an unknown god.
   260 | D:1      | 260 ||| Stepping ~*~*~tactically~*~*~ (stealth).
   366 | D:1      | 366 ||| DROPPING +0 club.
   973 | D:1      | 973 ||| UPGRADING to +0 leather armour.
   983 | D:1      | 983 ||| DROPPING +0 animal skin.
   984 | D:1      | 984 ||| UPGRADING to +0 buckler.
   989 | D:1      | 989 ||| READING 3 scrolls labelled COECONW REJEKH.
   990 | D:1      | 990 ||| READING 3 scrolls labelled EMPIMN TAES.
   995 | D:1      | 995 ||| DRINKING 2 ruby potions.
   996 | D:1      | 996 ||| READING 2 scrolls of identify.
   996 | D:1      | 996 ||| IDENTIFYING fizzy inky potion
   997 | D:1      | 997 ||| DROPPING potion of attraction.
   998 | D:1      | 998 ||| DROPPING potion of brilliance.
  1091 | D:2      | 1091 ||| INVOKING Berserk.
  1228 | D:2      | 1228 ||| Stepping ~*~*~tactically~*~*~ (hiding).
  1229 | D:2      | 1229 ||| Stepping ~*~*~tactically~*~*~ (hiding).
  1231 | D:2      | 1231 ||| Stepping ~*~*~tactically~*~*~ (hiding).
  1240 | D:2      | Reached skill level 1 in Shields
  1293 | D:2      | 1293 ||| FLEEEEING.
  1302 | D:2      | 1302 ||| INVOKING Berserk.
  1304 | D:2      | Reached skill level 5 in Axes
  1304 | D:2      | Reached XP level 3. HP: 31/31 MP: 2/2
  1618 | D:2      | 1618 ||| INVOKING Berserk.
  1672 | D:2      | Noticed Jessica
  1673 | D:2      | 1673 ||| Stepping ~*~*~tactically~*~*~ (hiding).
  1677 | D:2      | Killed Jessica
  1681 | D:2      | Reached XP level 4. HP: 27/39 MP: 3/3
  2220 | D:2      | 2220 ||| SWAPPING to +0 hand axe of flaming.
  2221 | D:2      | 2221 ||| DROPPING +0 whip.
  2222 | D:2      | 2222 ||| DROPPING +0 hand axe.
  2371 | D:2      | Reached skill level 6 in Axes
  2401 | D:2      | 2401 ||| UPGRADING to +0 pair of gloves.
  2406 | D:2      | 2406 ||| UPGRADING to +0 ring mail.
  2416 | D:2      | 2416 ||| DROPPING +0 leather armour.
  2417 | D:2      | 2417 ||| READING scroll labelled JEOWIQ SUNI.
  2418 | D:2      | 2418 ||| DRINKING 2 fizzy blue potions.
  2419 | D:2      | 2419 ||| READING 2 scrolls of identify.
  2419 | D:2      | 2419 ||| IDENTIFYING sapphire potion
  2420 | D:2      | 2420 ||| DROPPING potion of flight.
  2665 | D:3      | Reached ** piety under Trog
  3035 | D:3      | 3035 ||| Stepping ~*~*~tactically~*~*~ (stealth).
  3037 | D:3      | 3037 ||| Stepping ~*~*~tactically~*~*~ (stealth).
  3039 | D:3      | 3039 ||| Stepping ~*~*~tactically~*~*~ (hiding).
  3281 | D:3      | 3281 ||| UPGRADING to +0 chain mail.
  3291 | D:3      | 3291 ||| DROPPING +0 ring mail.
  3292 | D:3      | 3292 ||| DROPPING amulet of magic regeneration.
  3293 | D:3      | 3293 ||| UPGRADING to +6 ring of strength.
  3294 | D:3      | 3294 ||| READING scroll labelled SOG BAUTUEJ.
  3295 | D:3      | 3295 ||| READING 2 scrolls labelled MIASAP VIKK.
  3296 | D:3      | 3296 ||| READING scroll labelled SUPEUGR CUXT.
  3297 | D:3      | 3297 ||| READING 2 scrolls labelled YTRIREXUSA.
  3298 | D:3      | 3298 ||| DRINKING 4 silvery potions.
  3299 | D:3      | 3299 ||| DROPPING scroll of amnesia.
  3300 | D:3      | 3300 ||| DROPPING scroll of noise.
  3340 | D:4      | 3340 ||| Stepping ~*~*~tactically~*~*~ (stealth).
  3366 | D:4      | Reached XP level 5. HP: 45/45 MP: 4/4
  3417 | D:4      | Reached skill level 7 in Axes
  3590 | D:4      | 3590 ||| Stepping ~*~*~tactically~*~*~ (stealth).
  3602 | D:4      | 3602 ||| INVOKING Berserk.
  3606 | D:4      | Reached XP level 6. HP: 22/55 MP: 5/5
  3607 | D:4      | HP: 20/82 [poisoned by a scorpion]
  3610 | D:4      | HP: 9/55 [poisoned by a scorpion]
  3918 | D:4      | Found a staircase to the Ecumenical Temple.
  4164 | D:4      | Reached skill level 8 in Axes
  4335 | D:4      | 4335 ||| DRINKING 2 puce potions.
  4335 | D:4      | Gained mutation: You possess an exceptional clarity of
                  | mind. [potion of mutation]
  4335 | D:4      | Gained mutation: Your mind is acute. (Int +4, Str/Dex -1)
                  | [potion of mutation]
  4357 | D:5      | Entered Level 5 of the Dungeon
  4360 | D:5      | 4360 ||| Stepping ~*~*~tactically~*~*~ (stealth).
  4376 | D:5      | Found Ischinipa's General Store.
  4387 | D:5      | 4387 ||| SHOPLISTING ring of see invisible (165 gold, have
                  | 125).
  4387 | D:5      | 4387 ||| BUYING scroll of identify (22 gold).
  4387 | D:5      | Bought a scroll of identify for 22 gold pieces
  4402 | D:5      | Noticed Sigmund
  4406 | D:5      | 4406 ||| INVOKING Berserk.
  4409 | D:5      | Killed Sigmund
  4410 | D:5      | Reached skill level 9 in Axes
  4410 | D:5      | Reached XP level 7. HP: 60/60 MP: 6/6
  4666 | D:5      | Found Joihigi's Weapon Shop.
  4671 | D:5      | 4671 ||| BUYING +0 war axe (42 gold).
  4671 | D:5      | Bought a +0 war axe for 42 gold pieces
  4671 | D:5      | 4671 ||| SWAPPING to +0 war axe.
  4741 | D:5      | 4741 ||| INVOKING Berserk.
  4741 | D:5      | HP: 21/90 [gnoll/+0 halberd[a gnoll sergeant] (3)]
  4744 | D:5      | HP: 6/90 [gnoll/+0 halberd[a gnoll sergeant] (6)]
  4746 | D:5      | Slain by a gnoll sergeant

Levels and vault maps discovered:
D:1:      dpeg_arrival_shelter, layout_basic,
          shapermc_ecumenical_altar_acropolis, hangedman_decor_opposing,
          chequers_decorated_corner
D:2:      layout_basic, uniq_jessica
D:3:      layout_basic, minmay_mini_jars
D:4:      layout_basic, minmay_temple_entry_grid
D:5:      layout_cave_pools, serial_shops, nicolae_shop_trees,
          nicolae_stop_n_shop_1, lightli_minifort, uniq_sigmund

Skill      XL: |  1  2  3  4  5  6 |
---------------+-------------------+-----
Axes           | 4 5 6 7 9 |  9.1
Shields        | 1 2 |  2.6
Fighting       | 4 |  4.8
Armour         | |  2.4
Dodging        | |  2.1

Action                   |  1- 3 |  4- 6 |  7- 9 || total
-------------------------+-------+-------+-------++-------
Melee: Hand axe          |    63 |   142 |     2 ||   207
       Headbutt          |    10 |    20 |     4 ||    34
       War axe           |       |       |     7 ||     7
Throw: Boomerang         |       |    10 |     3 ||    13
Invok: Berserk           |     3 |     2 |     1 ||     6
  Use: Scroll            |     3 |     6 |       ||     9
       Potion            |     1 |     3 |       ||     4
Armor: Animal skin       |     3 |       |       ||     3
       Leather armour    |     7 |     2 |       ||     9
       Ring mail         |       |    15 |       ||    15
       Chain mail        |       |    31 |     2 ||    33
Dodge: Dodged            |    34 |    47 |     3 ||    84
Block: Buckler           |       |    20 |     2 ||    22

Table legend:
 A = Non-vault XP
 B = Vault XP
 C = Vault XP percentage of total XP
 D = Non-vault monster count
 E = Vault monster count
 F = Vault count percentage of total count
                 A         B        C        D         E       F
            +---------+---------+-------+---------+---------+-------
      Total |     612 |     287 |  31.9 |      72 |      13 |  15.3
            +---------+---------+-------+---------+---------+-------
        D:1 |      31 |       0 |   0.0 |      18 |       0 |   0.0
        D:2 |      45 |      37 |  45.1 |      20 |       1 |   4.8
        D:3 |      30 |      22 |  42.3 |      11 |      10 |  47.6
        D:4 |     399 |       0 |   0.0 |      19 |       0 |   0.0
        D:5 |     107 |     228 |  68.1 |       4 |       2 |  33.3
            +---------+---------+-------+---------+---------+-------
